 Dungeon Sprint DCSS version 0.19.5 (webtiles) character file.

132 Snowbourne the Jinx (level 4, -2/21 HPs)
             Began as a Spriggan Enchanter on May 12, 2017.
             Slain by a neqoxec (11 damage)
             ... in the Dungeon (Sprint II: "The Violet Keep of Menkaure").
             The game lasted 00:00:43 (51 turns).

Snowbourne the Jinx (Spriggan Enchanter)              Turns: 51, Time: 00:00:44

Health: -2/21      AC:  3    Str:  4    XL:     4   Next: 92%
Magic:  9/9        EV: 18    Int: 16    God:
Gold:   243        SH:  0    Dex: 17    Spells: 1 memorised, 7 levels left

rFire  . . .     SeeInvis +     a - +1 dagger
rCold  . . .     Gourm    .     b - +1 robe
rNeg   . . .     Faith    .     (shield restricted)
rPois  .         Spirit   .     (helmet restricted)
rElec  .         Reflect  .     (no cloak)
rCorr  .         Harm     .     (gloves unavailable)
MR     .....     NoTele   +     (boots unavailable)
Stlth  ++++......               (no amulet)
                                (no ring)
                                (no ring)

@: exhausted, very slightly contaminated, hasted and slowed, very quick
A: unfitting armour, see invisible, herbivore 3, speed 3, slow metabolism 2,
subdued magic 1
a: no special abilities


You were in the Dungeon.
You were not hungry.

You visited 1 branch You collected 243 gold pieces.

Inventory:

Hand Weapons
 a - a +1 dagger (weapon)
Armour
 b - a +1 robe (worn)
Scrolls
 j - a scroll of blinking
Potions
 e - a potion of curing
 f - a potion of heal wounds
 h - 2 potions of magic
Books
 c - a book of Maledictions

   Spells                             Type                      Level
   a - Corona                         Hexes                        1
   b - Ensorcelled Hibernation        Hexes/Ice                    2
   c - Confuse                        Hexes                        3
   d - Tukima's Dance                 Hexes                        3
   e - Dazzling Spray                 Conjuration/Hexes            3
Comestibles
 d - a bread ration


   Skills:
 - Level 1.1 Short Blades
 - Level 3.0 Dodging
 + Level 9.8 Stealth
 - Level 2.6 Spellcasting
 * Level 10.2 Hexes


You had 7 spell levels left.
You knew the following spells:

 Your Spells              Type           Power        Failure   Level  Hunger
a - Corona                Hex            ####...      1%          1    #......


Dungeon Overview and Level Annotations

Branches:
Dungeon (1/1)

Altars:


Innate Abilities, Weirdness & Mutations

You are very small and have problems with some larger weapons.
You are too small for most types of armour.
You have supernaturally acute eyesight. (SInv)
You are a herbivore.
You cover ground extremely quickly.
You need consume almost no food.
Your spells are a little easier to cast, but a little less powerful.


Message History

You are exhausted.
You feel yourself slow down.
You feel yourself speed up.
The neqoxec hits you but does no damage.
The neqoxec gestures at you.
Something tries to feed on your intellect!
You are very lightly contaminated with residual magic.
You hit the neqoxec.
The neqoxec is heavily wounded.
The neqoxec hits you.
You hit the neqoxec.
The neqoxec is heavily wounded.
The neqoxec closely misses you.
You barely miss the neqoxec.
The neqoxec is heavily wounded.
You hit the neqoxec but do no damage.
The neqoxec is heavily wounded.
The neqoxec hits you!
Ouch! That really hurt!
You die...

.w w. .# .#. ##
.## #+# #.# ..#
##.####w#..#
+.<.'.##+..#
##.##...#....#
##'###†##......≈
##.## ###
≈.....≈ #@##
≈≈≈≈..≈ ##3$.#
≈≈≈≈≈.≈ #+##
≈§≈≈≈≈≈ §§§§§§≈


You could see a neqoxec.

Vanquished Creatures
  A neqoxec (D)
  2 worms (D)
3 creatures vanquished.

Vanquished Creatures (others)
  A crocodile (D)
1 creature vanquished.

Grand Total: 4 creatures vanquished

Notes
Turn   | Place    | Note
-------+----------+-------------------------------------------
     0 | D        | Snowbourne the Spriggan Enchanter began the quest for the Orb.
     0 | D        | Reached XP level 1. HP: 9/9 MP: 5/5
     1 | D        | Noticed a tyrant leech
     1 | D        | Noticed a tyrant leech
     7 | D        | Reached skill level 5 in Stealth
     7 | D        | Reached skill level 4 in Hexes
     9 | D        | Reached skill level 5 in Hexes
    26 | D        | Noticed a neqoxec
    34 | D        | Gained mutation: Your spells are a little easier to cast, but a little less powerful. [a neqoxec]
    36 | D        | Killed a neqoxec
    36 | D        | Reached skill level 10 in Hexes
    36 | D        | Reached XP level 2. HP: 13/13 MP: 6/6
    36 | D        | Reached XP level 3. HP: 16/16 MP: 8/8
    36 | D        | Reached XP level 4. HP: 21/21 MP: 9/9
    38 | D        | Noticed a neqoxec
    42 | D        | Killed a crocodile
    51 | D        | Slain by a neqoxec

Skill      XL: |  1 |
---------------+----+-----
Stealth        | 9 |  9.8
Hexes          | 10 | 10.2
Short Blades   | |  1.1
Dodging        | |  3.0
Spellcasting   | |  2.6

Action                   |  1- 3 |  4- 6 || total
-------------------------+-------+-------++-------
Melee: Dagger            |     9 |    12 ||    21
  Use: Potion            |     1 |     1 ||     2
 Stab: Sleeping          |     2 |       ||     2
Armor: Robe              |       |     2 ||     2
Dodge: Dodged            |     2 |     4 ||     6
